[Event "44th Chess Olympiad Women 2022"]
[Site "Chennai"]
[Date "2022.07.30"]
[Round "2.52"]
[White "San Diego, Marie Antoinette"]
[Black "Sakai, Azumi"]
[Result "0-1"]
[ECO "C12"]
[WhiteElo "2101"]
[BlackElo "1759"]
[Annotator "TA"]
[PlyCount "164"]
[EventDate "2022.07.29"]
[EventType "team-tourn"]
[EventCountry "IND"]
[SourceTitle "playchess.com"]
[Source "ChessBase"]
[SourceQuality "1"]
[WhiteTeam "Philippines"]
[BlackTeam "Japan"]
[WhiteTeamCountry "PHI"]
[BlackTeamCountry "JPN"]
[TimeControl "40/5400+30:1800+30"]

1. e4 e6 2. d4 d5 3. Nc3 Nf6 4. Bg5 Bb4 5. e5 h6 6. Bd2 Bxc3 7. Bxc3 Ne4 8. Ne2 {[%emt 0:02:25] is the legacy move (8.Bb4).} c5 9. dxc5 $1 Nxc5 {[%emt 0:01:50] [#] C12: French: Classical System: McCutcheon Variation.} 10. g3 $146 (10. Bd4 $5 Qe7 11. b4 $11) ({Predecessor:} 10. Bd4 Qc7 11. Nc3 a6 12. f4 O-O 13. Be2 b5 14. a3 Bb7 15. O-O Ncd7 16. Bd3 Nc6 17. Bf2 {1-0 (35) Juarez de Vena,A (1960)-Roberts,D (1856) ICCF email 2013}) 10... O-O 11. Bg2 Nc6 {[%emt 0:00:54] The position is equal.} 12. O-O Nd7 13. f4 b6 14. b4 Ba6 15. a4 Bc4 16. Rf2 Rc8 17. Nd4 Ndb8 (17... Nxd4 $11 18. Bxd4 Qc7) 18. b5 ({Better is} 18. Nb5 $1 $16) 18... Nxd4 $11 19. Bxd4 (19. Qxd4 {with more complications.} Nd7 20. f5 exf5 21. e6) 19... Nd7 20. Bh3 Nc5 21. f5 exf5 22. Bxf5 Ne6 23. Qg4 Qe7 (23... Nxd4 $11 {keeps the balance.} 24. Qxd4 Rc7) 24. a5 ({White should play} 24. Be3 $16) 24... Bxb5 25. axb6 axb6 26. Bxb6 {[%emt 0:00:19] A strong pair of Bishops.} Rc4 27. Qf3 Bc6 28. Ra7 Qb4 29. Bxe6 fxe6 {[%emt 0:00:43] The board is on fire.} 30. Qxf8+ Qxf8 31. Rxf8+ Kxf8 $15 {[%emt 0:00:07][%mdl 4096] Endgame KRB-KRB} 32. Ra2 d4 33. Kf2 Be4 34. Ke2 Rxc2+ 35. Rxc2 d3+ 36. Kd2 dxc2 $17 {[%emt 0:00:06] KB-KB} 37. h4 h5 38. Ba5 Ke7 39. Bc3 Kd7 40. Bb2 Kc6 41. Ke3 Kd5 42. Kf4 Bf5 43. Ke3 Kc4 44. Kd2 Kb3 45. Bc1 g6 46. Ke3 Ka2 47. Kd2 Kb1 48. Ba3 Ka2 49. Bc1 Kb3 50. Ke3 Kc3 51. Ke2 Kd4 {[%emt 0:00:34] And now ...Bg4+ would win.} 52. Bb2+ $2 {[%emt 0:00:21][%mdl 8192] [#] Now White is beyond hope.} (52. Bf4 $17) 52... Ke4 $1 $19 53. Kf2 Bg4 54. Bc1 Kxe5 55. Ke3 Bf5 $2 (55... Bd1 {White must now prevent ...Kf5.} 56. Ba3 Kf5) 56. Bb2+ Kd5 {[%emt 0:00:19] aiming for ...Bg4.} 57. Kf4 {[%emt 0:00:22] [#]} (57. Kd2 $19) 57... Be4 $2 (57... Kc4 $1 {mates} 58. Bc1 Kb3 59. Ke3 Ka2 60. Kd2 e5 61. Ke3 Kb1 62. Kd2 Be6 63. Ba3 Bg4 64. Ke3 Bf5 65. Kd2 e4 66. Ke3 c1=Q+ 67. Bxc1 Kxc1 68. Ke2 Kc2 69. Ke3 Kd1 70. Kf4 Kd2 71. Kg5 e3 72. g4 Bxg4 73. Kh6 e2 74. Kg7 e1=Q 75. Kf8 Qe6 76. Kg7 Bf5 77. Kh8 g5 78. Kg7 Qe7+ 79. Kh6 Qf6+ 80. Kxh5 Qg6#) 58. Kg5 $2 (58. Ke3 $19) 58... Kc4 {[%emt 0:00:37] Black mates.} 59. Bc1 Kd3 60. Kf6 Bf5 61. Ke5 Ke2 62. Bg5 Kd1 63. Kd4 c1=Q 64. Bxc1 Kxc1 {[%emt 0:00:02] KB-KPP} 65. Ke5 Kd2 66. Kf4 Ke2 67. Kg5 e5 68. Kf6 e4 69. Ke5 Kf3 70. Kd4 e3 71. Kc3 e2 72. Kd2 Kf2 73. Kc3 e1=Q+ 74. Kd4 Qe3+ 75. Kc4 Be6+ 76. Kb5 Qc3 77. g4 Qc4+ 78. Kb6 Bd5 79. g5 Qc6+ 80. Ka5 Qb7 81. Ka4 Qb6 82. Ka3 Qb3# {[%emt 0:00:02] Weighted Error Value: White=0.52/Black=0.35} 0-1

[Event "44th Chess Olympiad Women 2022"]
[Site "Chennai"]
[Date "2022.07.30"]
[Round "2.52"]
[White "Arai, Yuki"]
[Black "Nan M K Khine Hlyan"]
[Result "0-1"]
[ECO "C42"]
[WhiteElo "1495"]
[BlackElo "1979"]
[Annotator "TA"]
[PlyCount "52"]
[EventDate "2022.07.29"]
[EventType "team-tourn"]
[EventCountry "IND"]
[SourceTitle "playchess.com"]
[Source "ChessBase"]
[SourceQuality "1"]
[WhiteTeam "Japan"]
[BlackTeam "Myanmar"]
[WhiteTeamCountry "JPN"]
[BlackTeamCountry "MYA"]
[TimeControl "40/5400+30:1800+30"]

1. e4 e5 2. Nf3 Nf6 3. Nxe5 d6 4. Nf3 Nxe4 5. d4 d5 6. Bd3 Bd6 {[%emt 0:00:22] 6...Bf5 is the modern continuation.} 7. h3 {[%emt 0:04:19] [#] C42: Petroff Defence: 3 Nxe5 and unusual White 3rd moves.} Qe7 $146 ({Better is} 7... Nc6 $11) ({Predecessor:} 7... O-O 8. O-O c6 9. c4 Nd7 10. Nc3 Nxc3 11. bxc3 dxc4 12. Bxc4 h6 13. Bd3 Nf6 14. Re1 c5 15. Be3 cxd4 16. cxd4 Be6 17. Ne5 Bd5 18. Qd2 Re8 19. Bf4 a6 20. Rac1 {1-0 (33) Almeida Junior,A (2106)-Myradow,S (2233) Chess.com INT 2021}) 8. O-O $14 O-O 9. Re1 {[%emt 0:04:02] White is better.} f5 10. c4 {[%emt 0:05:19] Black must now prevent c5.} c6 11. cxd5 ({White should try} 11. Qb3 $16) 11... cxd5 $11 12. Qc2 (12. Nc3 $16) 12... Nc6 $15 13. a3 Qf6 14. Qa4 g5 {[%emt 0:04:50] Black is more active.} ({Black should play} 14... Be6 $15) 15. Nc3 $11 Nxc3 (15... g4 $5 16. Nxd5 (16. Bxe4 $2 fxe4 17. Nxd5 Qf7 $19) 16... Qg7 17. hxg4 fxg4 $11) 16. bxc3 g4 17. Nh2 (17. Bg5 $11 Qf7 18. Ne5) 17... gxh3 $17 {[%emt 0:09:17] [#] And now ...Bxh2+ would win.} 18. g3 f4 19. g4 (19. Kh1 $17) 19... h5 $40 {[%emt 0:02:48][%mdl 128] Black attacks with force.} 20. f3 (20. Qb5 Qg5 21. Bc4) 20... Qh4 {[%emt 0:01:56] ( -> ...Qg3+)} 21. Re2 hxg4 22. Nxg4 Qg3+ 23. Kf1 Qxf3+ 24. Nf2 h2 {[%emt 0:03:11][%csl Gf3][%cal Rh2h1] [#]} 25. Bh7+ Kxh7 26. Qc2+ Bf5 {[%emt 0:00:16] Weighted Error Value: White=1.08/Black=0.31} 0-1

[Event "44th Chess Olympiad Women 2022"]
[Site "Chennai"]
[Date "2022.07.30"]
[Round "2.53"]
[White "Nakabo, Peninah"]
[Black "Nosimilo, Mkhonto"]
[Result "1-0"]
[ECO "C55"]
[WhiteElo "1747"]
[BlackElo "1313"]
[Annotator "NA COMBH"]
[PlyCount "117"]
[EventDate "2022.07.29"]
[EventType "team-tourn"]
[EventCountry "IND"]
[SourceTitle "playchess.com"]
[Source "ChessBase"]
[SourceQuality "1"]
[WhiteTeam "Uganda"]
[BlackTeam "SWZ"]
[WhiteTeamCountry "UGA"]
[TimeControl "40/5400+30:1800+30"]

1. e4 e5 2. Nf3 d6 3. Bc4 Nc6 4. h3 Be7 5. O-O Nf6 6. Re1 O-O 7. Nc3 a6 8. Nd5 Nxd5 9. Bxd5 Re8 10. c3 Bf8 11. d3 Be6 12. Ng5 Bxd5 13. exd5 h6 14. Nxf7 Kxf7 15. dxc6 b6 16. Qf3+ Qf6 17. Qe4 Kg8 18. Re3 Qf4 19. Qxf4 exf4 20. Rxe8 Rxe8 21. Bxf4 Re2 22. Rb1 Be7 23. Be3 Bg5 24. Bxg5 hxg5 25. d4 d5 26. Kf1 Re6 27. Re1 Rxc6 28. Re5 Rd6 29. Rxg5 c5 30. dxc5 bxc5 31. Ke2 c4 32. b4 d4 33. cxd4 Rxd4 34. Rc5 Kf7 35. Rc6 c3 36. a3 Rd2+ 37. Ke3 Rc2 38. Rxa6 Ra2 39. b5 Rb2 40. a4 Rb4 41. Kd3 Rc4 42. Kc2 Ke7 43. a5 Rc5 44. Rb6 Kd8 45. a6 Rc8 46. Rd6+ Ke7 47. Rd4 Rc5 48. Rb4 Rf5 49. a7 Rxf2+ 50. Kxc3 Rf8 51. b6 Rc8+ 52. Rc4 Ra8 53. b7 Rxa7 54. b8=Q Ra3+ 55. Kd4 Ra2 56. Qe5+ Kf7 57. Rc7+ Kf8 58. Qxg7+ Ke8 59. Qe7# 1-0

[Event "44th Chess Olympiad Women 2022"]
[Site "Chennai"]
[Date "2022.07.30"]
[Round "2.53"]
[White "Nomcebo, Sibisi"]
[Black "Nansubuga, Gloria"]
[Result "0-1"]
[ECO "A43"]
[WhiteElo "1225"]
[BlackElo "1538"]
[Annotator "NA RC COMBH"]
[PlyCount "112"]
[EventDate "2022.07.29"]
[EventType "team-tourn"]
[EventCountry "IND"]
[SourceTitle "playchess.com"]
[Source "ChessBase"]
[SourceQuality "1"]
[WhiteTeam "SWZ"]
[BlackTeam "Uganda"]
[BlackTeamCountry "UGA"]
[TimeControl "40/5400+30:1800+30"]

1. d4 c5 2. d5 d6 3. c4 e6 4. Nc3 Nf6 5. g3 Be7 6. Bg2 O-O 7. e4 exd5 8. cxd5 h6 9. Nge2 Bg4 10. f3 Bh5 11. Nf4 Nbd7 12. O-O Bg6 13. Nxg6 fxg6 14. b3 Ne8 15. Ne2 Bf6 16. Rb1 Nc7 17. Nf4 Bd4+ 18. Kh1 g5 19. Ne2 Be5 20. Bb2 Rf7 21. Bxe5 Nxe5 22. Nc3 Qf6 23. Rb2 Raf8 24. Rbf2 Ng4 25. fxg4 Qxc3 26. Rxf7 Rxf7 27. Rxf7 Kxf7 28. Qf3+ Qxf3 29. Bxf3 b5 30. Kg2 Kf6 31. Kf2 Ke5 32. Ke3 a5 33. Bd1 Na6 34. a3 c4 35. bxc4 bxc4 36. Bc2 Nc5 37. Bb1 c3 38. Bc2 g6 39. Bb1 Nb3 40. Bc2 Nd4 41. Kd3 Nxc2 42. Kxc2 Kxe4 43. Kxc3 Kxd5 44. a4 Ke4 45. Kc4 d5+ 46. Kb5 d4 47. Kxa5 d3 48. Kb6 d2 49. a5 d1=Q 50. a6 Qd6+ 51. Kb7 Qd7+ 52. Kb8 Qb5+ 53. Ka7 Kd5 54. h4 Kc6 55. hxg5 Kc7 56. gxh6 Qb8# 0-1

[Event "44th Chess Olympiad Women 2022"]
[Site "Chennai"]
[Date "2022.07.30"]
[Round "2.53"]
[White "Dlamini, Nosipho"]
[Black "Takali Milly"]
[Result "0-1"]
[ECO "B11"]
[WhiteElo "1081"]
[BlackElo "1482"]
[Annotator "NA RC COMBH"]
[PlyCount "164"]
[EventDate "2022.07.29"]
[EventType "team-tourn"]
[EventCountry "IND"]
[SourceTitle "playchess.com"]
[Source "ChessBase"]
[SourceQuality "1"]
[WhiteTeam "SWZ"]
[BlackTeam "Uganda"]
[BlackTeamCountry "UGA"]
[TimeControl "40/5400+30:1800+30"]

1. e4 c6 2. Nf3 d5 3. Nc3 d4 4. Nb1 Nf6 5. d3 Bg4 6. Nbd2 e6 7. Be2 Bc5 8. O-O O-O 9. c3 Bxf3 10. Nxf3 dxc3 11. bxc3 Qc7 12. h3 Nbd7 13. Qa4 b5 14. Qc2 a5 15. d4 Ba7 16. e5 Nd5 17. Ng5 g6 18. Bh5 h6 19. Nxe6 fxe6 20. Qxg6+ Kh8 21. Qxh6+ Kg8 22. Qxe6+ Kh8 23. Qh6+ Kg8 24. Bg6 N7b6 25. Re1 Qg7 26. Qg5 Ne7 27. Bd3 Qxg5 28. Bxg5 Nbd5 29. Bxe7 Nxe7 30. Be4 b4 31. Re3 bxc3 32. Rd1 Rad8 33. Rxc3 Bxd4 34. Rg3+ Kh8 35. Rd2 Bxe5 36. Rxd8 Rxd8 37. Rd3 Rxd3 38. Bxd3 c5 39. Kf1 Kg7 40. Ke2 Nd5 41. Bc4 Nf4+ 42. Kf3 Kf6 43. h4 Ng6 44. h5 Nh4+ 45. Ke4 Bd4 46. g3 Nf5 47. Kf3 Nd6 48. Bd3 Kg5 49. g4 Nf7 50. Ke4 Kxg4 51. Be2+ Kg5 52. f4+ Kh6 53. f5 Kg5 54. Kd5 Kxf5 55. Bd3+ Kg5 56. Bg6 Ne5 57. Be8 Nd3 58. Kc4 Nf4 59. Kb5 Nxh5 60. Kxa5 c4 61. Ba4 Kf4 62. Kb4 c3 63. Kc4 Ke3 64. Bc2 Kd2 65. Kb3 Nf4 66. Bf5 Nd3 67. Kc4 c2 68. Kxd4 c1=Q 69. Bxd3 Qc3+ 70. Ke4 Qxd3+ 71. Ke5 Qa3 72. Kd4 Qxa2 73. Ke4 Qa4+ 74. Kd5 Kd3 75. Kd6 Ke4 76. Kc5 Ke5 77. Kb6 Kd5 78. Kb7 Qc4 79. Kb6 Qc5+ 80. Ka6 Kd6 81. Kb7 Qb5+ 82. Ka7 Kc7 0-1

[Event "44th Chess Olympiad Women 2022"]
[Site "Chennai"]
[Date "2022.07.30"]
[Round "2.54"]
[White "Shaba, Linda Dalitso"]
[Black "Beekhy, Aamirah"]
[Result "1-0"]
[ECO "E08"]
[WhiteElo "1658"]
[BlackElo "1373"]
[Annotator "NA COMBH"]
[PlyCount "59"]
[EventDate "2022.07.29"]
[EventType "team-tourn"]
[EventCountry "IND"]
[SourceTitle "playchess.com"]
[Source "ChessBase"]
[SourceQuality "1"]
[WhiteTeam "Zimbabwe"]
[BlackTeam "Mauritius"]
[WhiteTeamCountry "ZIM"]
[BlackTeamCountry "MRI"]
[TimeControl "40/5400+30:1800+30"]

1. d4 d5 2. Nf3 Nf6 3. g3 e6 4. Bg2 Be7 5. O-O O-O 6. c4 Nbd7 7. Qc2 h6 8. Bf4 b6 9. Nc3 Bb7 10. Ne5 c6 11. b3 Rc8 12. Rfd1 Re8 13. Bf3 a5 14. Rac1 Ba8 15. e4 Rf8 16. Qe2 Qe8 17. Re1 Rd8 18. cxd5 cxd5 19. exd5 Ba3 20. Nxd7 Rxd7 21. dxe6 fxe6 22. Rcd1 Bxf3 23. Qxf3 Qf7 24. h4 Bb4 25. Be5 Qh5 26. Qxh5 Nxh5 27. Re3 Rdf7 28. Rf1 Rf3 29. Nd1 Nxg3 30. Bxg3 1-0

[Event "44th Chess Olympiad Women 2022"]
[Site "Chennai"]
[Date "2022.07.30"]
[Round "2.54"]
[White "Mudodo, Refiloe Hazel"]
[Black "Acham, Meritza"]
[Result "1-0"]
[ECO "B54"]
[WhiteElo "1604"]
[BlackElo "1397"]
[Annotator "NA RC COMBH"]
[PlyCount "35"]
[EventDate "2022.07.29"]
[EventType "team-tourn"]
[EventCountry "IND"]
[SourceTitle "playchess.com"]
[Source "ChessBase"]
[SourceQuality "1"]
[WhiteTeam "Zimbabwe"]
[BlackTeam "Mauritius"]
[WhiteTeamCountry "ZIM"]
[BlackTeamCountry "MRI"]
[TimeControl "40/5400+30:1800+30"]

1. e4 c5 2. Nf3 d6 3. d4 cxd4 4. Nxd4 Nf6 5. f3 e6 6. c4 Be7 7. Nc3 O-O 8. Be3 a6 9. Be2 Nc6 10. O-O Qc7 11. Qd2 Ne5 12. Rac1 Nxc4 13. Bxc4 Qxc4 14. Nd5 Qxa2 15. Nxe7+ Kh8 16. Nxc8 Raxc8 17. Ra1 Qc4 18. Rfc1 1-0

[Event "44th Chess Olympiad Women 2022"]
[Site "Chennai"]
[Date "2022.07.30"]
[Round "2.55"]
[White "Kannappan, Sigappi"]
[Black "Lam, Pooja"]
[Result "1-0"]
[ECO "B19"]
[WhiteElo "1914"]
[BlackElo "1163"]
[Annotator "TA"]
[PlyCount "79"]
[EventDate "2022.07.29"]
[EventType "team-tourn"]
[EventCountry "IND"]
[SourceTitle "playchess.com"]
[Source "ChessBase"]
[SourceQuality "1"]
[WhiteTeam "Hong Kong"]
[BlackTeam "Guyana"]
[WhiteTeamCountry "HKG"]
[BlackTeamCountry "GUY"]
[TimeControl "40/5400+30:1800+30"]

1. e4 c6 2. d4 d5 3. Nd2 dxe4 4. Nxe4 Bf5 5. Ng3 Bg6 6. Nf3 Nf6 7. h4 h6 8. h5 Bh7 9. Bd3 Bxd3 10. Qxd3 e6 11. Bd2 Qc7 12. Qe2 Nbd7 13. O-O-O O-O-O 14. Ne5 Nxe5 15. dxe5 Nd7 {[%emt 0:01:33] B19: Classical Caro-Kann: 4...Bf5 main line.} 16. Bc3 Be7 17. f4 Nb6 {[%emt 0:04:13] The position is equal.} 18. Ba5 Rd5 19. Rxd5 cxd5 20. Rd1 Qc5 21. Bxb6 Qxb6 22. Rd3 Kb8 {[%emt 0:04:40] [#]} 23. Nf1 $146 ({Predecessor:} 23. Rb3 Qc7 24. Nf1 Rc8 25. Rc3 Qd7 26. Rxc8+ Qxc8 27. Nd2 Qc5 28. Nf3 Qb6 29. g4 {½-½ (41) Milligan,H (1910)-Adams,D (1905) Dubai 1986}) 23... Rc8 24. g4 $2 (24. a3 $11) 24... Rc4 $1 $19 25. f5 $2 (25. Nd2 Rxf4 26. Rf3 Qg1+ 27. Rf1 Rxf1+ 28. Nxf1) 25... Qg1 $2 (25... Re4 26. Qd1 Bg5+ 27. Kb1 Qf2) 26. Rg3 Re4 27. Rxg1 Rxe2 {[%emt 0:00:19][%mdl 4096] Endgame KRB-KRN} 28. Kd1 Re4 29. Nd2 Rd4 (29... Rxe5 $17 30. fxe6 fxe6) 30. c3 Ra4 31. a3 (31. fxe6 $11 fxe6 32. Nb3) 31... Bg5 (31... Kc7 $15) 32. Nf3 $14 Bf4 33. f6 gxf6 34. exf6 {[%emt 0:00:05] And now g5 would win.} Be3 (34... Rc4 $1 $14) 35. Rg2 $2 (35. g5 $1 $18 {[%cal Rg5g6] and the rest is easy. g6! is the strong threat.} Bxg5 36. Nxg5 hxg5 37. Rh1 (37. Rxg5 Rh4 $14)) 35... Rf4 $2 (35... Bf4 $16) 36. Ne5 Kc7 $2 {[%emt 0:01:17] [#]} (36... Bb6 37. g5 hxg5) 37. g5 $1 $18 {[%emt 0:06:41] White is clearly winning.} hxg5 {[%emt 0:01:01] [#]} 38. Ng4 $1 Rf1+ 39. Ke2 Bf4 40. Kxf1 {[%emt 0:01:36] Never resign too early!  Weighted Error Value: White=0.67/Black=0.92} 1-0

[Event "44th Chess Olympiad Women 2022"]
[Site "Chennai"]
[Date "2022.07.30"]
[Round "2.55"]
[White "Li, Joy Ching"]
[Black "Johnson, Nellisha"]
[Result "1-0"]
[ECO "E18"]
[WhiteElo "1386"]
[BlackElo "1093"]
[Annotator "NA RC COMBH"]
[PlyCount "78"]
[EventDate "2022.07.29"]
[EventType "team-tourn"]
[EventCountry "IND"]
[SourceTitle "playchess.com"]
[Source "ChessBase"]
[SourceQuality "1"]
[WhiteTeam "Hong Kong"]
[BlackTeam "Guyana"]
[WhiteTeamCountry "HKG"]
[BlackTeamCountry "GUY"]
[TimeControl "40/5400+30:1800+30"]

1. Nf3 Nc6 2. d4 d5 3. g3 Nf6 4. Bg2 e6 5. O-O Be7 6. c4 O-O 7. Nc3 b6 8. Ne5 Bb7 9. Qa4 Nxe5 10. dxe5 Nd7 11. cxd5 Nc5 12. Qc2 Qd7 13. b4 Na6 14. dxe6 Qc8 15. exf7+ Rxf7 16. a3 Bxg2 17. Kxg2 Qf5 18. Qe4 Qxe4+ 19. Nxe4 Rd8 20. Bb2 Nb8 21. Rac1 c6 22. Rfd1 Rff8 23. Nd6 Rd7 24. Rd3 Rfd8 25. Nf5 Kf7 26. e6+ Kxe6 27. Nxg7+ Kf7 28. Rf3+ Kg8 29. Ne6 Rf8 30. Nxf8 Bxf8 31. Rc4 Bg7 32. Rg4 Rf7 33. Rxf7 Kxf7 34. Rxg7+ Ke8 35. Rg8+ Kd7 36. Rxb8 Kc7 37. Rh8 c5 38. f4 Kc6 39. f5 Kd5 1-0

[Event "44th Chess Olympiad Women 2022"]
[Site "Chennai"]
[Date "2022.07.30"]
[Round "2.55"]
[White "Callender, Jessica"]
[Black "Leung, Hoi Ting"]
[Result "0-1"]
[ECO "C00"]
[WhiteElo "1295"]
[BlackElo "1277"]
[Annotator "NA COMBH"]
[PlyCount "68"]
[EventDate "2022.07.29"]
[EventType "team-tourn"]
[EventCountry "IND"]
[SourceTitle "playchess.com"]
[Source "ChessBase"]
[SourceQuality "1"]
[WhiteTeam "Guyana"]
[BlackTeam "Hong Kong"]
[WhiteTeamCountry "GUY"]
[BlackTeamCountry "HKG"]
[TimeControl "40/5400+30:1800+30"]

1. e4 e6 2. c4 Nc6 3. d3 Bc5 4. Ne2 Qf6 5. f4 d6 6. Nbc3 a6 7. g3 Nge7 8. Bg2 h5 9. e5 Qh6 10. d4 Bb4 11. O-O Nf5 12. a3 Ba5 13. b4 Bb6 14. c5 dxc5 15. dxc5 Ba7 16. Ne4 Bd7 17. Qc2 Nce7 18. Rd1 Nd5 19. N2c3 Nde3 20. Bxe3 Nxe3 21. Qb3 Nxd1 22. Rxd1 Bc6 23. Kh1 h4 24. gxh4 Qxh4 25. Kg1 Qxh2+ 26. Kf2 Qxf4+ 27. Bf3 Rh2+ 28. Kg1 Rh6 29. Ne2 Qh2+ 30. Kf1 Qxe5 31. Qd3 Bxe4 32. Bxe4 Qf6+ 33. Kg1 Qg5+ 34. Bg2 Rg6 0-1

[Event "44th Chess Olympiad Women 2022"]
[Site "Chennai"]
[Date "2022.07.30"]
[Round "2.55"]
[White "Shariff, Sasha Christina"]
[Black "Deng, Jing Xin Crystal"]
[Result "0-1"]
[ECO "B38"]
[WhiteElo "1183"]
[BlackElo "1914"]
[Annotator "TA"]
[PlyCount "76"]
[EventDate "2022.07.29"]
[EventType "team-tourn"]
[EventCountry "IND"]
[SourceTitle "playchess.com"]
[Source "ChessBase"]
[SourceQuality "1"]
[WhiteTeam "Guyana"]
[BlackTeam "Hong Kong"]
[WhiteTeamCountry "GUY"]
[BlackTeamCountry "HKG"]
[TimeControl "40/5400+30:1800+30"]

1. e4 c5 2. Nf3 Nc6 3. d4 cxd4 4. Nxd4 g6 5. c4 Bg7 6. Be3 Nf6 7. Nc3 d6 8. Be2 O-O 9. O-O a6 10. b3 {[%emt 0:03:40] B38: Sicilian: Maroczy Bind with 5...Bg7 and 7...0-0.} Bd7 11. f3 Rb8 {[%emt 0:03:49] [#]} 12. Rb1 $146 {[%emt 0:01:58] White is slightly better.} ({Predecessor:} 12. Rc1 Nxd4 13. Bxd4 Qa5 14. a4 Bc6 15. Qe1 Rfe8 16. Qf2 Nd7 17. Bxg7 Kxg7 18. Qd4+ Kg8 19. Rf2 Nc5 20. Rb1 Ne6 21. Qe3 {½-½ (21) Szirmai,E (2240)-Kalousek,V (2125) Pardubice 1996}) 12... Nxd4 13. Bxd4 b5 14. Be3 Bc6 15. Qd2 Nd7 (15... b4 $11 16. Nd5 a5) 16. Rfc1 ({White should try} 16. b4 $14) 16... b4 $11 17. Nd5 a5 18. h4 h5 (18... e6 {with more complications.} 19. Nf4 Qxh4 20. Qxd6 Rbc8) 19. Bg5 Bxd5 20. cxd5 Nc5 21. Bh6 Qb6 22. Kh1 Rfc8 23. Bxg7 Kxg7 24. Qd4+ Kh7 25. f4 Qd8 26. g4 {[%emt 0:03:25] [#]} (26. g3 $11 {remains equal.}) 26... e5 (26... hxg4 $1 $17 {[%cal Oe7e5] Strongly threatening ...e5!} 27. e5 (27. Bxg4 $2 e5 $17) 27... dxe5 28. fxe5 {[#]} e6 $1) 27. Qf2 $2 {[%emt 0:03:06][%mdl 8192] White does not recover from this.} (27. fxe5 $11 {and White has nothing to worry.} Qxh4+ 28. Kg2) 27... Nxe4 $19 28. Qe1 (28. Qh2 $142 Qb6 29. Qg1 Qxg1+ 30. Kxg1) 28... exf4 {[%emt 0:01:43] White must now prevent ...Ng3+.} 29. g5 Qd7 {[%emt 0:01:45] aiming for ...Qh3+.} 30. Kg2 {[%emt 0:02:11] Against Qh3+} Nc3 31. Rc2 Nxb1 32. Rxc8 Rxc8 33. Qxb1 {[%emt 0:00:11][%mdl 4096] Endgame KQR-KQB} Rc3 {[%emt 0:00:43] ( -> ...Rg3+)} 34. Kf2 Qh3 {[%emt 0:00:31] Black mates.} 35. Bf1 Qe3+ 36. Kg2 Qd2+ 37. Kh1 Rc2 38. Qxc2 Qxc2 {[%emt 0:00:04] Weighted Error Value: White=1.15/Black=0.32} 0-1

[Event "44th Chess Olympiad Women 2022"]
[Site "Chennai"]
[Date "2022.07.30"]
[Round "2.56"]
[White "Clarke, Adani"]
[Black "Elshalom Essayas Berhane"]
[Result "1-0"]
[ECO "E73"]
[WhiteElo "1812"]
[BlackElo "1481"]
[Annotator "NA COMBH"]
[PlyCount "107"]
[EventDate "2022.07.29"]
[EventType "team-tourn"]
[EventCountry "IND"]
[SourceTitle "playchess.com"]
[Source "ChessBase"]
[SourceQuality "1"]
[WhiteTeam "Jamaica"]
[BlackTeam "Eritrea"]
[WhiteTeamCountry "JAM"]
[BlackTeamCountry "ERI"]
[TimeControl "40/5400+30:1800+30"]

1. d4 Nf6 2. c4 g6 3. Nc3 Bg7 4. e4 d6 5. Be2 Nc6 6. Be3 e5 7. d5 Ne7 8. g4 O-O 9. g5 Ne8 10. h4 f6 11. gxf6 Nxf6 12. h5 Qe8 13. hxg6 Qxg6 14. Nf3 Nxe4 15. Nh4 Nxc3 16. Nxg6 Nxd1 17. Nxe7+ Kf7 18. Rxd1 Kxe7 19. Rxh7 Rg8 20. Bg5+ Kf8 21. Rd3 e4 22. Rg3 Bf5 23. Be7+ Kxe7 24. Rhxg7+ Rxg7 25. Rxg7+ Kf6 26. Rxc7 b6 27. Kd2 Ke5 28. Ke3 Bc8 29. Re7+ Kf6 30. Rxe4 Bf5 31. Rh4 Re8+ 32. Kd2 Re4 33. Rxe4 Bxe4 34. Kc3 a5 35. Bd1 Bg6 36. Ba4 Bf5 37. Bc6 Bc8 38. b4 axb4+ 39. Kxb4 Ba6 40. Bb5 Bb7 41. a4 Ke5 42. a5 bxa5+ 43. Kxa5 Bxd5 44. cxd5 Kxd5 45. Kb4 Ke4 46. Be2 d5 47. Kc3 d4+ 48. Kd2 Kf4 49. Kd3 Ke5 50. Bf3 Kf4 51. Bg2 Ke5 52. Be4 Kf4 53. Kxd4 Kg4 54. Ke5 1-0

[Event "44th Chess Olympiad Women 2022"]
[Site "Chennai"]
[Date "2022.07.30"]
[Round "2.57"]
[White "De Souza, Ivana Claudia Eyram"]
[Black "Ranasinghe, S D"]
[Result "0-1"]
[ECO "B27"]
[WhiteElo "1167"]
[BlackElo "1687"]
[Annotator "NA RC COMBH"]
[PlyCount "66"]
[EventDate "2022.07.29"]
[EventType "team-tourn"]
[EventCountry "IND"]
[SourceTitle "playchess.com"]
[Source "ChessBase"]
[SourceQuality "1"]
[WhiteTeam "Togo"]
[BlackTeam "Sri Lanka"]
[WhiteTeamCountry "TOG"]
[BlackTeamCountry "SRI"]
[TimeControl "40/5400+30:1800+30"]

1. e4 g6 2. Nf3 Bg7 3. d4 c5 4. c3 b6 5. Be2 Bb7 6. d5 Nf6 7. Nbd2 O-O 8. Rb1 d6 9. c4 e5 10. O-O Bc8 11. Re1 Nh5 12. Nf1 Nf4 13. Bd3 Nxd3 14. Qxd3 f5 15. Bg5 Qe8 16. N3d2 h6 17. Bxh6 Bxh6 18. f3 Nd7 19. Ne3 Bxe3+ 20. Qxe3 f4 21. Qe2 Nf6 22. g3 fxg3 23. hxg3 Kg7 24. Kg2 Nh5 25. Rh1 Qe7 26. Qe3 Bd7 27. Kf2 Rh8 28. Rbg1 Rh7 29. Ke2 Nxg3+ 30. Rxg3 Rxh1 31. Qf2 Rah8 32. Kd3 R8h2 33. Qe3 Rd1 0-1

[Event "44th Chess Olympiad Women 2022"]
[Site "Chennai"]
[Date "2022.07.30"]
[Round "2.58"]
[White "Park, Haneul"]
[Black "Johnson, Daijah"]
[Result "1-0"]
[ECO "E90"]
[WhiteElo "1531"]
[BlackElo "1480"]
[Annotator "NA COMBH"]
[PlyCount "109"]
[EventDate "2022.07.29"]
[EventType "team-tourn"]
[EventCountry "IND"]
[SourceTitle "playchess.com"]
[Source "ChessBase"]
[SourceQuality "1"]
[WhiteTeam "Korea"]
[BlackTeam "Bahamas"]
[WhiteTeamCountry "KOR"]
[BlackTeamCountry "BAH"]
[TimeControl "40/5400+30:1800+30"]

1. d4 Nf6 2. c4 g6 3. Nc3 Bg7 4. e4 d6 5. Nf3 Bg4 6. h3 Bxf3 7. Qxf3 Nbd7 8. Be3 O-O 9. Rd1 e5 10. d5 a6 11. Bd3 c5 12. dxc6 bxc6 13. Bc2 Qc7 14. Bg5 h6 15. Bh4 g5 16. Bg3 Nb6 17. c5 dxc5 18. h4 g4 19. Qf5 Qc8 20. Qxc8 Raxc8 21. Bxe5 Nxe4 22. Bxg7 Nxc3 23. Bxc3 Rfe8+ 24. Kf1 Nd5 25. Bf5 Nxc3 26. bxc3 Rb8 27. Rb1 Rxb1+ 28. Bxb1 Rd8 29. Ke2 Re8+ 30. Kd3 Kg7 31. f3 f5 32. fxg4 fxg4 33. Kc4 Re2 34. Rg1 Re3 35. Bf5 g3 36. Bd7 Re4+ 37. Kb3 Rxh4 38. Bxc6 Rf4 39. Bf3 Kg6 40. Rh1 a5 41. Rh3 Kg5 42. Rxg3+ Kh4 43. Rh3+ Kg5 44. Rh5+ Kg6 45. Rxc5 Rf6 46. Rc6 Rxc6 47. Bxc6 Kf6 48. Ka4 Ke5 49. Kxa5 Kd6 50. Kb6 Ke5 51. c4 Kd6 52. c5+ Ke7 53. Bd5 Kd8 54. c6 Kc8 55. c7 1-0